 Dungeon Crawl Stone Soup version 0.25.0-9-g26727b6 (webtiles) character file.

Game seed: 2147507142091063275

2027 ratboy the Cleaver (level 9, -1/79 HPs)
             Began as a Hill Orc Fighter on June 18, 2020.
             Was an Initiate of Yredelemnul.
             Slain by a manticore (9 damage)
             ... on level 7 of the Dungeon.
             The game lasted 00:15:27 (6822 turns).

ratboy the Cleaver (Hill Orc Fighter)               Turns: 6822, Time: 00:15:27

Health: -1/79      AC: 10    Str: 22      XL:     9   Next: 23%
Magic:  9/9        EV:  9    Int:  7 (8)  God:    Yredelemnul [......]
Gold:   359        SH: 12    Dex: 16      Spells: 8/8 levels left

rFire    + . .     SeeInvis .   a - +1 war axe
rCold    . . .     Gourm    .   c - +0 kite shield
rNeg     . . .     Faith    .   J - +1 ring mail {rF+}
rPois    .         Spirit   .   (no helmet)
rElec    .         Reflect  .   G - +0 cloak
rCorr    .         Harm     .   (no gloves)
MR       .....                  u - +1 pair of boots
Stlth    ..........             v - amulet of magic regeneration
HPRegen  0.23/turn              h - ring of attention (curse)
MPRegen  0.36/turn              r - +6 ring of dexterity

@: brilliant
A: no striking features
a: Renounce Religion


You were on level 7 of the Dungeon.
You worshipped Yredelemnul.
Yredelemnul was noncommittal.
You were not hungry.

You visited 2 branches of the dungeon, and saw 8 of its levels.

You collected 359 gold pieces.

Inventory:

Hand Weapons
 a - a +1 war axe (weapon)
 b - the +4 flail "Ozxemuontyh" {vorpal, rPois rF++ Str+2}
   (You took it off Joseph on level 7 of the Dungeon)

   It inflicts extra damage upon your enemies.
   It affects your strength (+2).
   It greatly protects you from fire.
   It protects you from poison.
 I - the +5 flail "Ohomn" {drain, MR+ Str-3 Dex+3}
   (You found it on level 5 of the Dungeon)

   A truly terrible weapon, it drains the life of those it strikes.
   It affects your strength (-3).
   It affects your dexterity (+3).
   It affects your resistance to hostile enchantments.
Missiles
 e - 3 boomerangs (quivered)
Armour
 c - a +0 kite shield (worn)
 u - a +1 pair of boots (worn)
 G - a +0 cloak (worn)
 J - a +1 ring mail of fire resistance (worn)
Jewellery
 h - a cursed ring of attention (left hand)
 r - a +6 ring of dexterity (right hand)
 v - an amulet of magic regeneration (around neck)
Wands
 q - a wand of flame (8)
 x - a wand of polymorph (6)
 E - a wand of random effects (14)
Scrolls
 i - 5 scrolls of teleportation
 k - 7 scrolls of amnesia
 n - a scroll of magic mapping
 s - a scroll of holy word {unknown}
 y - 2 scrolls of immolation {unknown}
 A - 2 scrolls of fog
 C - 2 scrolls of remove curse {unknown}
 D - a scroll of enchant weapon
 F - a scroll of identify
Potions
 d - 2 potions of might
 g - a potion of invisibility
 j - 6 potions of curing
 l - a potion of brilliance
 m - 2 potions of haste {unknown}
 o - 2 potions of mutation {unknown}
 t - 2 potions of degeneration
 z - 2 potions of heal wounds {unknown}
 B - 2 potions of resistance {unknown}
 H - a potion of magic {unknown}
Comestibles
 f - 17 rations
 p - 6 chunks of flesh


   Skills:
 + Level 7.6 Fighting
 * Level 10.5 Axes
 - Level 3.2 Armour
 * Level 8.1 Shields


You had 8 spell levels left.
You didn't know any spells.
Your spell library was empty.

Dungeon Overview and Level Annotations

Branches:
Dungeon (7/15)             Temple (1/1) D:5

Altars:
Ashenzari
Cheibriados
Dithmenos
Elyvilon
Fedhas
Hepliaklqana
Kikubaaqudgha
Makhleb
Nemelex Xobeh
Okawaru
Qazlal
Ru
Sif Muna
Trog
Uskayaw
Vehumet
Wu Jian
Xom
Yredelemnul
Zin
The Shining One


Message History

You block the manticore's attack.
The manticore claws you but does no damage.
You slash the manticore!
The manticore is heavily wounded.
The manticore bites you.
* * * LOW HITPOINT WARNING * * *
The manticore claws you but does no damage.
You block the manticore's attack.
You hit the manticore.
The manticore is heavily wounded.
The manticore bites you!
* * * LOW HITPOINT WARNING * * *
The manticore claws you!
* * * LOW HITPOINT WARNING * * *
The manticore claws you but does no damage.
It was a potion of brilliance.
You feel clever all of a sudden. The manticore bites you!
You die...
Your body rises from the dead as a mindless zombie.

#######.# [s.D..$#.#.#..#.# #
........# ##.#.#..#.# ####. ###.###
##.##.#..#.# ..#..##.....##
##.##.....#.# #...##..#.#..##
#..##.... #.#
#..##..##.##..###.....###..# #.#
#..#..#.....#..####..# .##..##.#
#..#.##...(.##..##H.###..##..#.###.
#...............#o#.....#.##.......
...#.##.....##.....##.##...#..###..
##.#..#.....#....#.#.O.#.#.#.o# .
##.##..##.##..#.##..!#[.?##...#
##.. #..#.#..###.#.#.?.#.#.#..#
###.. #.....# ...##.##oH.#.## # #..
##.## #.#.....#)##.# # #.. ...
##..###..##$.# # ... . #F.## .##


You could see a manticore (misshapen).

Vanquished Creatures
  Joseph (D:7)
  Prince Ribbit (D:7)
  Sigmund (D:5)
  An ice beast (D:5)
  2 ogres (D:7)
  3 centaurs
  A scorpion (D:7)
  A wight (D:7)
  2 howler monkeys
  2 crimson imps (D:7)
  A bullfrog zombie (D:5)
  2 hounds
  A bullfrog skeleton (D:5)
  A centaur skeleton (D:7)
  An orc wizard (D:3)
  Jessica (D:2)
  3 worker ants
  A hound zombie (D:5)
  A hound skeleton (D:7)
  4 gnolls (D:6)
  13 adders
  2 shadow imps
  3 oozes
  3 worms
  A dart slug (D:2)
  6 leopard geckos
  15 orcs
  8 giant cockroaches
  2 goblins (D:1)
  6 hobgoblins
  2 jackals (D:5)
  5 kobolds
  3 quokkas
  3 ball pythons
  7 bats
  3 frilled lizards
  2 leopard gecko skeletons
  2 quokka zombies (D:5)
  10 rats
127 creatures vanquished.

Vanquished Creatures (others)
  An orc (D:7)
1 creature vanquished.

Grand Total: 128 creatures vanquished

Notes
Turn   | Place    | Note
-------+----------+-------------------------------------------
     0 | D:1      | ratboy the Hill Orc Fighter began the quest for the Orb.
     0 | D:1      | Reached XP level 1. HP: 19/19 MP: 1/1
    16 | D:1      | Reached skill level 3 in Axes
    28 | D:1      | Reached XP level 2. HP: 27/27 MP: 2/2
   108 | D:1      | Found a snail-covered altar of Cheibriados.
   628 | D:2      | Noticed Jessica
   653 | D:2      | Killed Jessica
   653 | D:2      | Reached skill level 4 in Axes
   653 | D:2      | Reached XP level 3. HP: 10/33 MP: 3/3
   931 | D:2      | Reached XP level 4. HP: 39/40 MP: 4/4
  1818 | D:2      | Reached skill level 5 in Axes
  1818 | D:2      | Reached XP level 5. HP: 47/47 MP: 5/5
  1891 | D:3      | Found a hide-covered altar of Uskayaw.
  2181 | D:3      | Reached skill level 5 in Fighting
  2181 | D:3      | Reached XP level 6. HP: 28/56 MP: 6/6
  2182 | D:3      | Reached skill level 6 in Axes
  2413 | D:3      | Found a radiant altar of Vehumet.
  2632 | D:3      | Found a shadowy altar of Dithmenos.
  3369 | D:4      | Found a basalt altar of Yredelemnul.
  3370 | D:4      | Found an ornate altar of the Wu Jian Council.
  3371 | D:4      | Found a white marble altar of Elyvilon.
  3552 | D:5      | Entered Level 5 of the Dungeon
  3552 | D:5      | Noticed an ice beast
  3652 | D:5      | Reached skill level 5 in Shields
  3653 | D:5      | Reached skill level 7 in Axes
  3660 | D:5      | Reached XP level 7. HP: 57/61 MP: 7/7
  3684 | D:5      | Found a staircase to the Ecumenical Temple.
  3694 | Temple   | Entered the Ecumenical Temple
  3989 | D:4      | Became a worshipper of Yredelemnul the Dark
  4206 | D:5      | Reached skill level 8 in Axes
  4341 | D:5      | Got a bloodstained flail
  4573 | D:5      | Noticed Sigmund
  4576 | D:5      | Identified the +5 flail "Ohomn" {drain, MR+ Str-3 Dex+3}
                  | (You found it on level 5 of the Dungeon)
  4583 | D:5      | Found a white marble altar of Elyvilon.
  4591 | D:5      | Killed Sigmund
  4591 | D:5      | Reached XP level 8. HP: 71/71 MP: 8/8
  5015 | D:6      | Found a sacrificial altar of Ru.
  5061 | D:6      | Found a basalt altar of Yredelemnul.
  5347 | D:6      | Found a white marble altar of Elyvilon.
  5361 | D:6      | Reached skill level 9 in Axes
  5515 | D:6      | Found a stormy altar of Qazlal.
  5655 | D:7      | Found an iron altar of Okawaru.
  5658 | D:7      | Got an ancient hand axe
  5696 | D:7      | Noticed Prince Ribbit
  5753 | D:7      | Noticed a purple ugly thing
  5753 | D:7      | Noticed a manticore
  5777 | D:7      | Noticed Joseph
  5930 | D:7      | Found a shattered altar of Ashenzari.
  5937 | D:7      | Found an ancient bone altar of Kikubaaqudgha.
  6190 | D:7      | Found a shimmering altar of Xom.
  6227 | D:7      | Identified the +5 hand axe "Xuepsuf" {antimagic, +Rage
                  | rPois MR-} (You found it on level 7 of the Dungeon)
  6231 | D:7      | Identified the +4 flail "Ozxemuontyh" {vorpal, rPois rF++
                  | Str+2}
  6250 | D:7      | Killed Joseph
  6250 | D:7      | Reached skill level 10 in Axes
  6554 | D:7      | Killed Prince Ribbit
  6554 | D:7      | Reached XP level 9. HP: 54/79 MP: 9/9
  6822 | D:7      | Slain by a manticore

Illustrated notes

Levels and vault maps discovered:
D:1:      lightli_iron_boxes, layout_rooms, cheibriados_altar_1
D:2:      layout_basic, kennysheep_boxes, uniq_jessica
D:3:      layout_loops_ring, lemuel_doored_altar, vehumet_crystals,
          marbit_many_paths, first_ration
D:4:      layout_basic, grunt_temple_overflow_open
D:5:      minmay_bubble_buster, layout_rooms, minmay_temple_entry_waves,
          basic_altar, minmay_misc_feat_columns, uniq_sigmund
D:6:      layout_basic, nicolae_qazlal_eye_of_the_storm,
          nicolae_ru_awakened_eye, basic_altar, elyvilon_altar_5
D:7:      minmay_the_grid_octo_triangle [minmay_the_grid_octo_focus,
          minmay_the_grid_octo_prize_big_c, minmay_the_grid_octo_horde],
          layout_basic, okawaru_ov_weapons_minmay, kennysheep_mini_moat,
          minitemple, the_bakery, uniq_prince_ribbit1, uniq_joseph
Temple:   jpeg_temple_island

Skill      XL: |  1  2  3  4  5  6  7  8  9 |
---------------+----------------------------+-----
Axes           | 3 4 5 7 8 10 | 10.5
Fighting       | 4 5 6 7 |  7.6
Shields        | 4 5 6 7 8 |  8.1
Armour         | |  3.2

Action                   |  1- 3 |  4- 6 |  7- 9 || total
-------------------------+-------+-------+-------++-------
Melee: War axe           |    70 |   261 |   182 ||   513
Throw: Boomerang         |       |       |     1 ||     1
Evoke: Wand              |       |       |     5 ||     5
  Use: Scroll            |     4 |     4 |     6 ||    14
       Potion            |       |       |     4 ||     4
 Stab: Invisible         |       |       |     1 ||     1
  Eat: Chunk             |       |     9 |     7 ||    16
       Ration            |       |       |     1 ||     1
Armor: Scale mail        |     8 |       |       ||     8
       Plate armour      |    24 |   194 |    76 ||   294
       Ring mail         |       |       |    14 ||    14
Dodge: Dodged            |    14 |    30 |    39 ||    83
Block: Kite shield       |    34 |   146 |    93 ||   273
